 Dungeon Crawl Stone Soup version 0.29.1-15-g9cfb28693d (webtiles) character file.

Game seed: 5888514108692792993

223 javelincjr the Sneak (level 6, -3/41 HPs)
             Began as an Octopode Hedge Wizard on May 1, 2023.
             Was an Initiate of Sif Muna.
             Slain by a gnoll
             ... wielding a +0 spear
             ... led by a gnoll bouda
              (9 damage)
             ... on level 4 of the Dungeon.
             The game lasted 00:12:48 (4525 turns).

javelincjr the Sneak (Octopode Hedge Wizard)        Turns: 4525, Time: 00:12:49

Health: -3/41      AC:  1    Str: 10    XL:     6   Next: 0%
Magic:  7/11       EV: 17    Int: 22    God:    Sif Muna [......]
Gold:   136        SH:  0    Dex: 14    Spells: 5/11 levels left

rFire   . . .      SeeInvis +   v - +8 falchion of Korch {freeze, Int+4 Dex+3 Stlth+}
rCold   . . .      Faith    .   (no shield)
rNeg    . . .      Spirit   .   b - +0 hat
rPois   .          Reflect  .   w - amulet of regeneration
rElec   .          Harm     .   e - +4 ring of evasion
rCorr   .          Rampage  .   t - ring of see invisible
Will    +....                   x - ring of willpower
Stlth   ++++......              (no ring)
HPRegen 0.93/turn               (no ring)
MPRegen 0.12/turn               (no ring)
                                (no ring)
                                (no ring)

@: very slightly contaminated
A: almost no armour, amphibious, 8 rings, camouflage 1, gelatinous body 1,
(nimble swimmer 1), tentacles
a: Renounce Religion


You were on level 4 of the Dungeon.
You worshipped Sif Muna.
Sif Muna was noncommittal.
You visited 1 branch of the dungeon, and saw 4 of its levels.

You collected 215 gold pieces.
You spent 79 gold pieces at shops.

Inventory:

Hand Weapons
 a - a +0 dagger
 f - a +2 falchion of holy wrath
 v - the +8 falchion of Korch (weapon) {freeze, Int+4 Dex+3 Stlth+}
   (You found it on level 2 of the Dungeon)

   It freezes those it strikes, dealing additional cold damage.
   It can also slow down cold-blooded creatures.
   Int:       It affects your intelligence (+4).
   Dex:       It affects your dexterity (+3).
   Stlth:     It makes you more stealthy.
Missiles
 o - a throwing net
Armour
 b - a +0 hat (worn)
Jewellery
 e - a +4 ring of evasion (left tentacle)
 t - a ring of see invisible (right tentacle)
 w - an amulet of regeneration (around mantle)
 x - a ring of willpower (on tentacle)
Wands
 n - a wand of roots (5)
Scrolls
 g - 2 scrolls of teleportation {unknown}
 i - a scroll of amnesia {unknown}
 l - a scroll of magic mapping {unknown}
 p - 2 scrolls of noise {unknown}
 s - a scroll of immolation {unknown}
Potions
 c - a potion of magic
 d - a potion of heal wounds {unknown}
 h - 5 potions of curing
 j - 2 potions of mutation {unknown}
 k - 3 potions of lignification
 m - a potion of brilliance {unknown}
 q - a potion of ambrosia {unknown}
 r - a potion of resistance {unknown}
 u - 2 potions of flight
 z - a potion of might {unknown}
 A - a potion of invisibility {unknown}


   Skills:
 * Level 2.5 Fighting
 + Level 0.7 Long Blades
 + Level 2.7 Dodging
 + Level 3.9 Stealth
 + Level 3.4 Spellcasting
 + Level 2.1 Conjurations
 + Level 2.1 Summonings
 + Level 1.8 Translocations


You had 5 spell levels left.
You knew the following spells:

 Your Spells              Type           Power      Damage    Failure   Level
a - Magic Dart            Conj           52%        1d5       4%          1
b - Blink                 Tloc           24%        N/A       9%          2
c - Call Imp              Summ           13%        N/A       8%          2
d - Foxfire               Conj/Fire      32%        2x1d5     8%          1

Your spell library contained the following spells:

 Spells                   Type           Power      Damage    Failure   Level
 Slow                     Hex            12%        N/A       12%         1
 Conjure Flame            Conj/Fire      8%         6-21      22%         3
 Mephitic Cloud           Conj/Pois/Air  6%         N/A       26%         3
 Inner Flame              Hex/Fire       3%         N/A       34%         3
 Flame Wave               Conj/Fire      8%         2d5       58%         4


Dungeon Overview and Level Annotations

Branches:
Dungeon (4/15)
 Temple: D:4-7

Altars:
Nemelex Xobeh
Sif Muna

Shops:
D:1 *[:

Annotations:
D:2 Sigmund


Innate Abilities, Weirdness & Mutations

You cannot wear most types of armour.
You are amphibious.
You can wear up to eight rings at the same time.
Your skin changes colour to match your surroundings (Stealth+).
Your rubbery body absorbs attacks. (AC +1, EV +1)
((You are camouflaged when in or above water. (Stealth+)))
You have tentacles for arms and can constrict up to eight enemies at once.


Message History

You slash the ball python!
The ball python seems to slow down.
You freeze the ball python.
You kill the ball python!
Sif Muna accepts your kill.
The gnoll shouts! x2; You hear a shout!
The gnoll bouda shouts!
The gnoll bouda barks out a call to the hunt!
The gnolls pick up the pace!
A gnoll comes into view. It is wielding a +0 club.
You completely miss the gnoll. You grab the gnoll. You constrict the gnoll.
The gnoll hits you with a +0 club.
You slash the gnoll! You freeze the gnoll.
The gnoll is severely wounded.
You constrict the gnoll. The gnoll hits you with a +0 club.
The gnoll bouda calls upon its god to heal the gnoll.
The gnoll is healed somewhat.
The gnoll barely misses you.
You hit the gnoll. You freeze the gnoll.
The gnoll is almost dead.
You constrict the gnoll.
You kill the gnoll!
Sif Muna accepts your kill. The gnoll hits you with a +0 whip.
The gnoll hits you from afar with a +0 spear!
You have reached level 6!
Casting: Call Imp (safe; 8% risk of failure)
Confirm with . or Enter, or press ? or * to list all spells.
You blink.
The gnoll bouda attacks as you move away!
The gnoll bouda hits you with a +0 club!
* * * LOW HITPOINT WARNING * * *
The gnoll barely misses you.
Casting: Blink (safe; 9% risk of failure)
Confirm with . or Enter, or press ? or * to list all spells.
You miscast Call Imp.
You are very lightly contaminated with residual magic.
Nothing appears to happen.
You feel stable enough to blink again.
The gnoll bouda hits you with a +0 club!
* * * LOW HITPOINT WARNING * * *
The gnoll hits you from afar with a +0 spear!
You die...

..###...)#
#.#.# #....#
#.# # #....#
#w# # #....#
#.# #.####....#
##.........####
......ggg......
.######g##.####
#@# .. #.# ##
#.# ..# #.# #.#
..# #.#


You could see a gnoll bouda and 3 gnolls.

Vanquished Creatures
  A hound (D:3)
  An orc wizard (D:4)
  4 gnolls
  2 adders (D:2)
  An ufetubus (D:3)
  3 worms
  6 dart slugs
  9 orcs
  5 ball pythons
  8 endoplasms
  A giant cockroach (D:4)
  A goblin (D:3)
  2 hobgoblins (D:1)
  3 jackals (D:1)
  A quokka (D:2)
  6 bats
  7 frilled lizards
  5 kobolds
  6 rats
72 creatures vanquished.

Vanquished Creatures (collateral kills)
  A gnoll (D:2)
  A worm (D:2)
2 creatures vanquished.

Vanquished Creatures (others)
  2 plants (D:2)
2 creatures vanquished.

Grand Total: 76 creatures vanquished

Notes
Turn   | Place    | Note
-------+----------+-------------------------------------------
     0 | D:1      | javelincjr the Octopode Hedge Wizard began the quest for
                  | the Orb.
     0 | D:1      | Reached XP level 1. HP: 11/11 MP: 4/4
   280 | D:1      | Reached XP level 2. HP: 7/18 MP: 0/6
   553 | D:1      | Found Fanguh's Book Boutique.
   930 | D:1      | Found a faded altar of an unknown god.
  1049 | D:1      | Found Pepu's Armour Emporium.
  1215 | D:1      | Reached skill level 1 in Fighting
  1296 | D:1      | Reached XP level 3. HP: 23/23 MP: 7/7
  1330 | D:1      | Found Bythoi's Assorted Antiques.
  1338 | D:1      | Bought a white potion for 19 gold pieces
  1338 | D:1      | Bought an inky potion for 19 gold pieces
  1338 | D:1      | Bought a scroll labelled WIELEO QYOGUJU for 22 gold pieces
  1338 | D:1      | Bought a coppery potion for 19 gold pieces
  1994 | D:1      | Learned a level 2 spell: Blink
  1997 | D:1      | Learned a level 2 spell: Call Imp
  2272 | D:2      | Reached XP level 4. HP: 9/28 MP: 8/8
  2530 | D:2      | Identified the +6 mace "Ogreslayer" {freeze, rElec}
  2530 | D:2      | Noticed Sigmund
  3072 | D:2      | Identified the +8 falchion of Korch {freeze, Int+4 Dex+3
                  | Stlth+}
  3165 | D:2      | Reached XP level 5. HP: 26/34 MP: 9/9
  3619 | D:3      | Found a sparkling altar of Nemelex Xobeh.
  4385 | D:3      | Found a shimmering blue altar of Sif Muna.
  4391 | D:3      | Became a worshipper of Sif Muna the Loreminder
  4394 | D:3      | Learned a level 1 spell: Foxfire
  4521 | D:4      | Reached XP level 6. HP: 19/41 MP: 11/11
  4525 | D:4      | Slain by a gnoll

Illustrated notes

Levels and vault maps discovered:
D:1:      amcnicky_arrival_blooded_trapdoor, layout_basic,
          serial_co_window_serial, co_window_paths_a,
          co_window_of_opportunity_a, co_window_paths_b, co_window_corner_a,
          co_window_of_opportunity_a, co_window_paths_c, co_window_broadway_b,
          co_window_unsneaky_path_e, co_window_2corner,
          co_window_of_opportunity_b, co_window_paths_e, glass_columns_a,
          glass_columns_b, basic_ecumenical_altar, serial_shops,
          nicolae_shop_stone, shop, nicolae_shop_trees, nicolae_wormholes
D:2:      cheibrodos_old_hovel, layout_loops_ring, chequers_mini_garden,
          chequers_serial_rivers_large_b, kennysheep_generic_room_12,
          uniq_sigmund
D:3:      layout_basic, led_sif_pool, nemelex_altar_shiori
D:4:      layout_loops_ring, grunt_gozag_statues,
          grunt_temple_overflow_lords_of_destruction,
          mainiacjoe_overflow_six_doors_small, dk_vineyard_2,
          kennysheep_nondescript

Skill      XL: |  1  2  3  4  5 |
---------------+----------------+-----
Fighting       | 1 2 |  2.5
Stealth        | 3 |  3.9
Summonings     | 2 |  2.1
Conjurations   | 2 |  2.1
Long Blades    | |  0.7
Dodging        | |  2.7
Spellcasting   | |  3.4
Translocations | |  1.8

Action                   |  1- 3 |  4- 6 || total
-------------------------+-------+-------++-------
Melee: Dagger            |    45 |    43 ||    88
       Tentacles         |    14 |    22 ||    36
       Constrict         |    11 |    22 ||    33
       Falchion          |       |    41 ||    41
 Cast: Magic Dart        |    36 |    22 ||    58
       Call Imp          |     3 |     1 ||     4
       Blink             |     1 |     2 ||     3
  Use: Scroll            |       |     3 ||     3
 Stab: Sleeping          |     4 |     9 ||    13
       Distracted        |     1 |       ||     1
Armor: Skin              |     4 |     2 ||     6
Dodge: Dodged            |    28 |    61 ||    89
